 Dungeon Crawl Stone Soup version 0.22-a0-253-gf9d0ce56dd (webtiles) character file.

96 Manul the Ducker (level 4, -5/24 HPs)
             Began as a Spriggan Abyssal Knight on Mar 3, 2018.
             Was a Follower of Lugonu.
             Slain by a small abomination (11 damage)
             ... on level 3 of the Abyss.
             The game lasted 00:01:54 (237 turns).

Manul the Ducker (Spriggan Abyssal Knight)           Turns: 237, Time: 00:01:55

Health: -5/24      AC:  2    Str:  8    XL:     4   Next: 41%
Magic:  6/6        EV: 21    Int: 13    God:    Lugonu [*.....]
Gold:   178        SH:  0    Dex: 22    Spells: 3/3 levels left

rFire    . . .     SeeInvis +   f - +9 war axe of the World {venom, rC+ Dex+6}
rCold    + . .     Gourm    .   (shield restricted)
rNeg     . . .     Faith    .   b - +0 robe
rPois    .         Spirit   .   (helmet restricted)
rElec    .         Reflect  .   (no cloak)
rCorr    .         Harm     .   (gloves unavailable)
MR       .....                  (boots unavailable)
Stlth    +.........             (no amulet)
HPRegen  0.00/turn              (no ring)
MPRegen  0.10/turn              (no ring)

@: non-regenerating, diseased, slow
A: very small, unfitting armour, see invisible, herbivore, speed 3, slow
metabolism 2
a: Depart the Abyss, Renounce Religion


You were on level 3 of the Abyss.
You worshipped Lugonu.
Lugonu was aware of your devotion.
You were not hungry.

You visited 0 branches of the dungeon, and saw 0 of its levels.
You visited the Abyss 1 time.

You collected 178 gold pieces.

Inventory:

Hand Weapons
 a - a +1 short sword
 f - the +9 war axe of the World (weapon) {venom, rC+ Dex+6}
   (You found it on level 3 of the Abyss)

   It poisons the flesh of those it strikes.
   It affects your dexterity (+6).
   It protects you from cold.
Armour
 b - a +0 robe (worn)
Wands
 e - a wand of disintegration (14)
Potions
 d - a potion of agility {unknown}
Miscellaneous
 g - a phial of floods (inert)
Comestibles
 c - a ration


   Skills:
 - Level 3.4 Fighting
 - Level 2.7 Short Blades
 - Level 4.4 Dodging
 * Level 1.6 Stealth
 - Level 2.1 Invocations
 + Level 0.5 Evocations


You had 3 spell levels left.
You didn't know any spells.

Dungeon Overview and Level Annotations

Branches:
Dungeon (0/15)

Altars:


Innate Abilities, Weirdness & Mutations

You are very small and have problems with some larger weapons.
You are too small for most types of armour.
You have supernaturally acute eyesight. (SInv)
You are a herbivore.
You cover ground extremely quickly.
You need consume almost no food.


Message History

The torrent of water hits the small abomination.
The small abomination is almost destroyed.
The small abomination is knocked back by the torrent of water.
The wave splashes down.
Splash!
You fall into the shallow water.
Moving in this stuff is going to be slow.
The water rises up and takes form.
You hear a bellow! x2; You hear a bark! x2
The small abomination hits your water elemental!
The small abomination hits your water elemental.
Your water elemental hits the small abomination.
Your water elemental engulfs the small abomination in water!
You swap places.
The small abomination hits you!!
Ouch! That really hurt!
* * * LOW HITPOINT WARNING * * *
The ancient zyme barely misses your water elemental.
The ancient zyme hits your water elemental!
The small abomination hits you!
You die...

# # # .#.# # #
#.# ##. . ### #.#
. . . .. .%# #.#
# .# .. # #ยง ..
#โ‰ˆ# #..# ..
#.##. #x##...####
# .
...####@โ‰ˆ..# #
.
####..##E#โ‰ˆ.###
#..
...#..#x#....# .
..
#.#...##.##..#. #
## ##...#.##.
###. . #...#### #
#.# .# #. ##.##
.# # .. #...## ##
....#.. . # .
#...#...#( #.
##.....## .


You could see an ancient zyme, a small abomination and a friendly water
elemental.

Vanquished Creatures (collateral kills)
  A small abomination (Abyss:3)
  An iron imp (Abyss:3)
2 creatures vanquished.

Vanquished Creatures (others)
  A lurking horror (Abyss:3)
  2 starspawn tentacles (Abyss:3)
3 creatures vanquished.

Grand Total: 5 creatures vanquished

Notes
Turn   | Place    | Note
-------+----------+-------------------------------------------
     0 | Abyss:1  | Manul the Spriggan Abyssal Knight began the quest for the Orb.
     0 | Abyss:1  | Reached XP level 1. HP: 11/11 MP: 3/3
    28 | Abyss:1  | Found a corrupted altar of Lugonu.
   108 | Abyss:3  | Got a crude war axe
   109 | Abyss:3  | Identified the +9 war axe of the World {venom, rC+ Dex+6} (You found it on level 3 of the Abyss)
   134 | Abyss:3  | Noticed a smoke demon
   197 | Abyss:3  | Noticed a small abomination
   199 | Abyss:3  | Killed a small abomination
   199 | Abyss:3  | Reached skill level 4 in Dodging
   199 | Abyss:3  | Reached XP level 2. HP: 16/16 MP: 4/4
   199 | Abyss:3  | Reached XP level 3. HP: 20/20 MP: 5/5
   199 | Abyss:3  | Reached XP level 4. HP: 24/24 MP: 6/6
   207 | Abyss:3  | Reached skill level 1 in Stealth
   211 | Abyss:3  | Noticed a spatial vortex
   213 | Abyss:3  | Noticed a tentacled starspawn
   222 | Abyss:3  | Noticed an ancient zyme
   230 | Abyss:3  | Noticed a rakshasa
   233 | Abyss:3  | Noticed a small abomination
   237 | Abyss:3  | Slain by a small abomination

Vault maps used:
Abyss:2:  evilmike_abyss_exit_glass

Skill      XL: |  1  2  3  4 |
---------------+-------------+-----
Fighting       | 3 |  3.4
Dodging        | 4 |  4.4
Invocations    | 2 |  2.1
Stealth        | 1 |  1.6
Short Blades   | |  2.7
Evocations     | |  0.5

Action                   |  1- 3 |  4- 6 || total
-------------------------+-------+-------++-------
Melee: War axe           |       |     1 ||     1
Evoke: Phial of floods   |     1 |     1 ||     2
       Wand              |       |     1 ||     1
  Use: Scroll            |     2 |       ||     2
Dodge: Dodged            |       |     1 ||     1

Table legend:
 A = Spawn XP
 B = Non-spawn XP
 C = Spawn XP percentage of total XP
 D = Spawn monster count
 E = Non-spawn monster count
 F = Spawn count percentage of total count
 G = Total turns spent on level
                    A         B        C        D         E        F      G
               +---------+---------+-------+---------+---------+-------+---------
         Total |     138 |       0 | 100.0 |       2 |       0 | 100.0 |   237
               +---------+---------+-------+---------+---------+-------+---------
       Abyss:3 |     138 |       0 | 100.0 |       2 |       0 | 100.0 |   136
               +---------+---------+-------+---------+---------+-------+---------
